Map: Dusk Towers

Players

JuanDi

  • Race: Zerg Zerg
  • League: Diamond

LilDicky - Winner!

  • Race: Terran Terran
  • League: Diamond

VOD

http://www.twitch.tv/tumescentpie

Description

Time

  • Played on: Jan. 2, 2016, 6:24 p.m.
  • Length: 16:56
Show
View Real Time Build Order
Export as new Build Order

JuanDi Zerg 

Build Orders: Hatch First 

Get SALT Encoding   

  12  0:01  Drone  
  13  0:12  Overlord  
  13  0:19  Drone  
  14  0:30  Drone  
  14  0:31  Drone  
  14  0:34  Drone  
  17  0:52  Hatchery  
  17  0:55  Drone  
  17  1:01  Drone  
  18  1:11  Spawning Pool  
  18  1:15  Drone, Extractor  
  17  1:19  Drone  
  18  1:28  Drone  
  19  1:40  Drone  
  20  1:52  Overlord  
  20  1:59  Queen  
  22  2:04  Queen  
  22  2:05  Zergling x4  
  26  2:11  Drone  
  27  2:17  Metabolic Boost  
  27  2:20  Drone  
  28  2:23  Drone  
  28  2:26  Overlord  
  29  2:35  Drone  
  30  2:40  Drone  
  30  2:43  Drone  
  32  2:47  Queen x2  
  32  2:48  Drone  
  37  3:00  Hatchery  
  37  3:03  Drone x2  
  38  3:06  Drone  
  39  3:13  Drone x2, Extractor x2  
  39  3:14  Drone  
  39  3:19  Drone x2  
  42  3:37  Drone  
  42  3:38  Drone  
  42  3:39  Overlord  
  42  3:40  Overlord x2  
  44  3:46  Overlord  
  44  4:00  Lair  
  44  4:01  Drone  
  44  4:02  Drone x5  
  50  4:12  Drone x2  
  50  4:13  Drone x3  
  55  4:23  Evolution Chamber  
  55  4:24  Evolution Chamber, Drone  
  55  4:25  Baneling Nest  
  55  4:28  Extractor  
  52  4:31  Drone  
  52  4:32  Drone x4  
  52  4:36  Zergling x2  
  52  4:37  Zergling x2  
  59  4:48  Queen  
  59  4:49  Drone x3  
  64  4:57  Zerg Ground Armor Level 1, Zerg Melee Weapons Level 1  
  64  5:00  Spire  
  63  5:07  Drone  
  63  5:08  Drone x6  
  63  5:11  Extractor x2  
  68  5:14  Zergling x2  
  68  5:19  Zergling x10  
  74  5:28  Overlord  
  74  5:29  Overlord x2  
  74  5:33  Centrifical Hooks  
  74  5:35  Overlord x2  
  73  5:47  Baneling  
  73  5:48  Baneling x8  
  73  5:49  Zergling x6, Baneling  
  77  5:50  Zergling x10  
  77  5:54  Overlord  
  81  6:04  Overlord  
  81  6:06  Zergling x2  
  81  6:07  Zergling x6  
  85  6:14  Corruptor x3  
  85  6:17  Corruptor  
  93  6:32  Zergling x8  
  97  6:33  Zergling x4  
  97  6:38  Hatchery  
  98  6:48  Corruptor x3  
  98  6:50  Overseer  
  98  6:53  Zerg Melee Weapons Level 2  
  104  7:07  Zergling x10  
  109  7:08  Infestation Pit  
  109  7:10  Zergling x2  
  109  7:11  Zergling x14  
  116  7:25  Zerg Ground Armor Level 2  
  116  7:28  Zergling x6  
  116  7:29  Zergling x2  
  120  7:30  Overlord x2  
  120  7:41  Zergling x2  
  120  7:42  Zergling x14  
  128  7:45  Overseer  
  128  7:49  Hive  
  128  7:50  Zergling x4  
  130  7:54  Corruptor  
  132  7:59  Corruptor  
  132  8:04  Overseer  
  134  8:13  Baneling x3  
  134  8:14  Baneling x5  
  134  8:15  Drone x6  
  140  8:20  Drone x3  
  143  8:51  Zerg Flyer Weapons Level 1  
  143  8:55  Baneling x7  
  143  8:56  Baneling x2  
  143  9:08  Ultralisk Cavern  
  142  9:11  Adrenal Glands  
  142  9:13  Zergling x4  
  142  9:14  Overlord x4  
  142  9:15  Overlord x3  
  144  9:28  Extractor  
  144  9:29  Extractor  
  144  9:30  Drone  
  144  9:31  Drone  
  144  9:33  Overlord x3  
  144  9:34  Viper x3  
  144  9:37  Zergling x2  
  144  9:38  Zergling x14  
  161  9:41  Drone x2  
  161  9:42  Drone  
  161  9:43  Hatchery  
  161  9:44  Drone x2  
  147  10:10  Zergling x24  
  144  10:17  Zergling x6  
  144  10:18  Zergling x12  
  109  10:30  Zergling x14  
  112  10:36  Zergling x6  
  104  10:44  Drone  
  104  10:49  Baneling x7  
  105  10:50  Baneling x9  
  105  10:51  Baneling x5  
  105  10:52  Ultralisk  
  111  11:03  Zerg Ground Armor Level 3  
  111  11:06  Zerg Melee Weapons Level 3  
  111  11:08  Drone  
  112  11:14  Zergling x2  
  112  11:15  Zergling x8  
  117  11:36  Ultralisk x2  
  129  11:40  Chitinous Plating  
  129  11:50  Drone x4, Viper  
  129  11:51  Drone  
  137  12:10  Hatchery  
  135  12:27  Ultralisk  
  135  12:28  Ultralisk  
  135  12:29  Zergling x2  
  148  12:30  Zergling x8  
  138  12:47  Zergling x4  
  138  12:48  Zergling x18  
  143  13:00  Zergling x2  
  143  13:01  Zergling x4  
  136  13:05  Zergling x2  
  136  13:06  Zergling x14  
  136  13:13  Corruptor  
  134  13:22  Baneling  
  134  13:23  Baneling x14  
  134  13:48  Drone  
  134  13:49  Drone x3  
  134  13:51  Zergling x8  
  134  13:52  Zergling x14  
  142  14:06  Corruptor x4  
  131  14:22  Drone x5  
  131  14:24  Ultralisk  
  125  14:36  Greater Spire  
  125  14:37  Zergling x2  
  125  14:38  Zergling x24  
  128  15:08  Baneling x8  
  128  15:09  Baneling x6  
  126  15:18  Ultralisk  
  126  15:19  Ultralisk x2  
  144  15:22  Baneling x3  
  144  15:23  Baneling x6  
  144  15:24  Zergling x6  
  130  15:45  Drone x7  
  130  15:46  Drone x5  
  130  15:48  Drone  
  142  16:06  Infestor x2  
  142  16:07  Infestor x2  
  150  16:17  Zergling x8  
  150  16:18  Zergling x6  
  157  16:19  Zergling x2  
Show
View Real Time Build Order
Export as new Build Order

LilDicky Terran - Winner!

Build Orders: Command Center First (CC), MMM Bio 

Get SALT Encoding   

  12  0:05  SCV  
  13  0:17  SCV  
  14  0:21  Supply Depot  
  14  0:30  SCV  
  15  0:43  SCV  
  16  0:56  SCV  
  17  1:01  Command Center  
  17  1:13  Barracks  
  17  1:15  SCV  
  18  1:27  SCV  
  18  1:32  Refinery  
  19  1:39  SCV  
  20  1:51  SCV  
  21  2:00  Marine  
  22  2:03  SCV  
  22  2:05  Command Center  
  23  2:17  Orbital Command  
  23  2:18  Barracks Tech Lab  
  23  2:27  Orbital Command  
  23  2:39  Supply Depot  
  23  2:42  Marine  
  24  2:45  SCV, Stimpack  
  25  2:54  Refinery  
  25  2:58  SCV  
  26  3:01  Marine  
  27  3:07  Barracks  
  27  3:08  SCV  
  27  3:10  SCV  
  29  3:19  Orbital Command  
  29  3:21  SCV  
  29  3:24  SCV  
  29  3:25  Marine  
  32  3:34  SCV  
  33  3:44  Barracks  
  33  3:46  Barracks  
  33  3:49  Marauder  
  35  4:00  Barracks Tech Lab, Barracks  
  35  4:03  SCV x2  
  35  4:06  SCV  
  35  4:09  Marine  
  38  4:15  SCV x2  
  41  4:18  SCV, Combat Shields, Engineering Bay x2, Marauder  
  44  4:27  SCV, Refinery, Marine  
  44  4:28  SCV  
  47  4:32  SCV  
  47  4:35  Barracks Reactor  
  47  4:36  Barracks Reactor  
  48  4:40  SCV  
  48  4:43  Marauder  
  51  4:46  Barracks Reactor, Marauder  
  51  4:49  SCV  
  51  4:50  SCV  
  51  4:52  SCV  
  56  4:58  Orbital Command  
  56  5:02  Barracks  
  56  5:03  SCV  
  56  5:04  SCV  
  56  5:06  Barracks  
  58  5:10  Marauder  
  58  5:11  Concussive Shells  
  60  5:16  Marauder  
  62  5:23  Marine x5  
  62  5:24  Marine  
  68  5:29  SCV  
  69  5:37  Supply Depot  
  69  5:38  Supply Depot  
  69  5:39  Refinery  
  69  5:40  Terran Infantry Weapons Level 1  
  69  5:41  Terran Infantry Armor Level 1  
  69  5:46  Factory  
  69  5:59  SCV x3, Marauder x2, Marine  
  69  6:00  Supply Depot x2  
  77  6:06  Supply Depot, Marine x2  
  77  6:07  Barracks Reactor x2  
  77  6:08  Supply Depot, Marine x3  
  82  6:15  SCV x2  
  82  6:16  Marine  
  85  6:21  SCV, Marine  
  85  6:22  Marauder  
  85  6:24  Marine  
  90  6:28  SCV, Marine  
  90  6:29  Supply Depot  
  92  6:35  Factory Reactor  
  92  6:39  Starport, Marauder  
  94  6:41  Armory, Marine x2  
  94  6:43  Marauder  
  94  6:45  Supply Depot  
  98  6:49  Missile Turret x2  
  98  6:53  SCV x2, Missile Turret  
  100  6:56  Marine x2  
  100  6:57  Supply Depot  
  100  6:58  Marine x2  
  100  7:01  Marauder, Marine  
  107  7:02  Marine x2  
  107  7:03  Marine  
  107  7:04  Marine  
  107  7:06  Marine  
  112  7:09  SCV  
  112  7:13  Supply Depot  
  112  7:14  Marine  
  112  7:15  Marauder, Marine  
  117  7:17  Marine x2  
  117  7:18  Marine  
  117  7:19  Supply Depot  
  117  7:20  Marine  
  121  7:26  Marine x2  
  121  7:27  Marauder  
  121  7:28  Supply Depot  
  127  7:37  Marauder  
  127  7:39  Marine x3  
  130  7:45  Marine x5  
  130  7:46  Marine x2  
  130  7:47  SCV, Medivac x2  
  130  7:49  Marauder  
  144  7:53  Terran Infantry Weapons Level 2, Terran Infantry Armor Level 2  
  144  7:57  Marine  
  145  8:04  Marine x2  
  145  8:05  Marauder  
  149  8:09  Marine x2  
  149  8:10  Marauder  
  149  8:12  Marine  
  154  8:19  Marine x2  
  156  8:22  Medivac  
  156  8:23  Medivac  
  156  8:27  Marauder  
  162  8:29  Marine x2  
  162  8:30  Marine  
  162  8:32  Starport  
  165  8:37  Marine x2  
  165  8:38  Marauder  
  169  8:43  Factory Reactor  
  169  8:44  Marine x3  
  169  8:47  Command Center  
  169  8:48  Marauder  
  169  8:53  Supply Depot  
  169  8:54  Supply Depot  
  169  8:56  Marine x2  
  169  8:57  Supply Depot, Marine x2  
  169  8:59  Marauder  
  175  9:04  Marine x2  
  175  9:05  Medivac x2  
  181  9:14  Marauder  
  182  9:26  Supply Depot  
  182  9:31  Medivac x2  
  186  9:32  SCV  
  186  9:33  SCV, Marine  
  186  9:34  Marauder, Refinery x2, Marine  
  186  9:36  Marauder  
  194  9:56  Missile Turret  
  194  9:58  Missile Turret x2  
  194  10:00  Missile Turret  
  136  10:15  Marine  
  95  10:31  Marine x3  
  95  10:32  Marauder, Medivac, Marine x6  
  95  10:33  Medivac x3  
  95  10:34  Planetary Fortress  
  112  10:42  Marine x2  
  95  10:46  Terran Infantry Weapons Level 3  
  95  10:49  Terran Infantry Armor Level 3, Marine x6  
  99  10:54  Barracks, Marauder  
  104  11:00  Barracks  
  104  11:01  Marauder  
  104  11:03  Marine x3  
  111  11:05  Liberator x2  
  111  11:06  Refinery  
  111  11:09  Refinery  
  111  11:10  Marine x3  
  114  11:16  Marine x3  
  114  11:17  Marine  
  114  11:18  Marauder  
  124  11:36  Supply Depot  
  124  11:37  Supply Depot  
  124  11:45  Missile Turret  
  124  11:47  Missile Turret  
  124  11:57  Marine x2  
  124  11:58  Marine x2, Marauder x2  
  124  12:00  Marine x3  
  124  12:01  Missile Turret, Marine x3  
  137  12:05  Barracks Tech Lab  
  137  12:06  Barracks Tech Lab  
  138  12:12  Medivac x4  
  138  12:14  Ghost Academy  
  138  12:15  Marine x2  
  147  12:16  Marine x2  
  147  12:18  Marine x3  
  153  12:35  Liberator x3  
  153  12:42  Medivac  
  117  12:55  Liberator, Marine x6  
  117  12:56  Marine x2  
  117  12:57  Marine x2  
  133  13:13  Marine x2  
  133  13:14  Marauder  
  131  13:31  Marine x2  
  133  13:43  Command Center, Marine x4  
  133  13:44  SCV  
  133  13:46  SCV x2  
  140  13:57  SCV  
  140  13:58  SCV  
  116  14:23  Marine  
  116  14:24  Marine x12  
  107  14:25  Marauder  
  115  14:41  Marine  
  115  14:42  Marine x9  
  115  14:43  Marauder x3  
  131  14:46  Marauder  
  132  14:59  Marine x4  
  133  15:04  Marauder x3  
  139  15:08  Marauder  
  135  15:22  Marine x2  
  135  15:25  Marauder x3, Orbital Command  
  135  15:26  Marine  
  135  15:27  Marine x4  
  148  15:29  Marauder  
  150  15:47  Marauder x3  
  145  15:53  Marine x2  
  145  15:54  Marauder  
  149  16:09  Marine x3  
  149  16:10  Marine x2  
  149  16:11  Marauder  
  156  16:14  Marine  
  156  16:15  Marine x4  
Tags
 
Add a new tag
Caveats
  • Supply blocks, unpowered buildings, or Contaminate may cause inaccurate times.
  • Supply counts are checked every 10 seconds.